[Event "360 One Wealth GP-3 2024"]
[Site "Mumbai"]
[Date "2024.02.07"]
[Round "3.6"]
[White "Iyer Vivek"]
[Black "Kapadi Yash"]
[Result "0-1"]
[ECO "A00"]
[WhiteElo "1359"]
[BlackElo "1626"]
[Annotator "NA RC"]
[PlyCount "72"]
[EventDate "2024.02.04"]
[EventType "swiss"]
[EventCountry "IND"]
[SourceTitle "playchess.com"]
[Source "ChessBase"]
[SourceQuality "1"]
[TimeControl "5400+30"]

1. g4 c6 2. d4 d5 3. e3 e5 4. c4 dxc4 5. Bxc4 exd4 6. exd4 Bb4+ 7. Nc3 Qe7+ 8. Be3 Nf6 9. h3 Nbd7 10. a3 Bd6 11. Qf3 Nb6 12. Bb3 Be6 13. Bxe6 Qxe6 14. Nge2 O-O 15. O-O Qb3 16. g5 Nfd5 17. Ne4 Rad8 18. N2g3 Bf4 19. Nf5 Rfe8 20. Nd2 Qd3 21. Bxf4 Qxf5 22. Be3 Qd3 23. Rad1 Nxe3 24. fxe3 Qxe3+ 25. Qxe3 Rxe3 26. Rf3 Re6 27. Rdf1 Rd7 28. Nb3 Rg6 29. Rf5 h6 30. h4 hxg5 31. hxg5 Nc4 32. Nc5 Rxd4 33. Kf2 b6 34. Nb3 Rd3 35. Nc1 Rd2+ 36. Ke1 Re6+ 0-1

[Event "360 One Wealth GP-3 2024"]
[Site "Mumbai"]
[Date "2024.02.07"]
[Round "3.7"]
[White "Miranka Trishad"]
[Black "Kush Ajay Agarwal"]
[Result "0-1"]
[ECO "C54"]
[WhiteElo "1341"]
[BlackElo "1458"]
[Annotator "NA RC"]
[PlyCount "76"]
[EventDate "2024.02.04"]
[EventType "swiss"]
[EventCountry "IND"]
[SourceTitle "playchess.com"]
[Source "ChessBase"]
[SourceQuality "1"]
[TimeControl "5400+30"]

1. e4 e5 2. Nf3 Nc6 3. Bc4 Bc5 4. c3 Nf6 5. d3 a6 6. O-O d6 7. a4 Ba7 8. Re1 O-O 9. h3 Be6 10. Bxe6 fxe6 11. b4 d5 12. Qb3 Qd7 13. Bg5 b5 14. axb5 axb5 15. Na3 Rab8 16. exd5 exd5 17. Ra2 Qd6 18. Rae2 Kh8 19. Bh4 Nh5 20. Bg5 e4 21. dxe4 Rxf3 22. e5 Qe6 23. gxf3 Qxh3 24. Qxd5 Qg3+ 25. Kh1 Bxf2 26. Rxf2 Qxf2 27. Rg1 Ng3+ 28. Rxg3 Qxg3 29. f4 h6 30. Bf6 gxf6 31. Qxc6 Qh4+ 32. Kg1 Rg8+ 33. Kf1 Qxf4+ 34. Ke2 Qxe5+ 35. Kd2 Qh2+ 36. Kd3 Rg3+ 37. Kd4 Qh4+ 38. Kd5 Qh1+ 0-1

[Event "360 One Wealth GP-3 2024"]
[Site "Mumbai"]
[Date "2024.02.07"]
[Round "3.9"]
[White "Gala Vansh Rasik"]
[Black "Soni Deepak R"]
[Result "0-1"]
[ECO "A46"]
[WhiteElo "1285"]
[BlackElo "1445"]
[Annotator "NA RC"]
[PlyCount "118"]
[EventDate "2024.02.04"]
[EventType "swiss"]
[EventCountry "IND"]
[SourceTitle "playchess.com"]
[Source "ChessBase"]
[SourceQuality "1"]
[TimeControl "5400+30"]

1. d4 c5 2. Nf3 Nf6 3. Bf4 cxd4 4. Bxb8 Rxb8 5. Qxd4 Qa5+ 6. Nbd2 e6 7. c3 Bc5 8. Qf4 d6 9. b4 Nd5 10. Qc4 b5 11. Qxd5 exd5 12. bxa5 Ba3 13. Rd1 Bb2 14. Nb1 Bf5 15. e4 dxe4 16. Nd4 Bd7 17. Be2 b4 18. cxb4 Rxb4 19. Nc2 Ra4 20. Rxd6 Rxa2 21. O-O Ke7 22. Rd2 Rxa5 23. Ne3 Rb8 24. Nc4 Rab5 25. Nd6 Rb4 26. Nxf7 Bd4 27. Ng5 e3 28. Rdd1 exf2+ 29. Kh1 Ba4 30. Rxd4 Rxd4 31. Nf3 Rdb4 32. Nc3 Bb3 33. Rxf2 Rc8 34. Nb5 Rc1+ 35. Rf1 Rxf1+ 36. Bxf1 a5 37. Nc3 Bc4 38. Nd4 Bxf1 39. Nc6+ Kd6 40. Nxb4 axb4 41. Nd1 Be2 42. Nb2 Ke5 43. Kg1 Kd4 44. Kf2 Bh5 45. h3 Kc3 46. Na4+ Kc2 47. g4 Bf7 48. Nc5 b3 49. Nxb3 Kxb3 50. Ke3 Kc4 51. Ke4 Kc5 52. Ke5 Kc6 53. h4 Kd7 54. h5 Ke7 55. Kf5 Bb3 56. g5 Bc2+ 57. Ke5 Kf7 58. h6 gxh6 59. gxh6 Kg6 0-1

[Event "360 One Wealth GP-3 2024"]
[Site "Mumbai"]
[Date "2024.02.07"]
[Round "3.10"]
[White "Devesh Anil Ambre"]
[Black "Yuti Mayur Patel"]
[Result "1/2-1/2"]
[ECO "D35"]
[WhiteElo "1198"]
[BlackElo "1426"]
[Annotator "NA RC"]
[PlyCount "117"]
[EventDate "2024.02.04"]
[EventType "swiss"]
[EventCountry "IND"]
[SourceTitle "playchess.com"]
[Source "ChessBase"]
[SourceQuality "1"]
[TimeControl "5400+30"]

1. d4 d5 2. c4 e6 3. Nc3 Nf6 4. cxd5 exd5 5. Bg5 c6 6. e3 h6 7. Bh4 Bd6 8. Bd3 Nbd7 9. Nf3 O-O 10. O-O g5 11. Nxg5 hxg5 12. Bxg5 Kg7 13. h4 Rh8 14. h5 Qg8 15. h6+ Kf8 16. f4 Be7 17. e4 Nxe4 18. Bxe4 Bxg5 19. fxg5 dxe4 20. Nxe4 Ke7 21. Qe2 Kd8 22. Nd6 Rh7 23. Qh5 Nf8 24. Nxf7+ Kc7 25. Ne5 Be6 26. Rf6 Rd8 27. g6 Re7 28. Qh2 Kc8 29. Rd1 Bxa2 30. h7 Nxh7 31. gxh7 Rxh7 32. Qf4 Bd5 33. Rd2 Re7 34. Ng6 Re1+ 35. Kf2 Ree8 36. Re2 Rxe2+ 37. Kxe2 Qe8+ 38. Kf2 Qe4 39. Qxe4 Bxe4 40. Ne7+ Kc7 41. Rf4 Bb1 42. g4 Kd6 43. Nf5+ Ke6 44. Ng7+ Ke7 45. Nf5+ Kd7 46. Ng7 Ba2 47. Kg3 Rg8 48. Nh5 Rg5 49. Kh4 Rb5 50. Rf2 Rb4 51. Rd2 a5 52. Kg5 Rb5+ 53. Kh6 Kd6 54. g5 Be6 55. g6 Rb3 56. Nf6 Rh3+ 57. Kg7 b5 58. Ne4+ Kd5 59. Ng5 1/2-1/2

[Event "360 One Wealth GP-3 2024"]
[Site "Mumbai"]
[Date "2024.02.07"]
[Round "3.12"]
[White "Gogri Vedaant"]
[Black "Kulkarni, Vikramaditya"]
[Result "0-1"]
[ECO "B00"]
[WhiteElo "1229"]
[BlackElo "2193"]
[Annotator "TA"]
[PlyCount "70"]
[EventDate "2024.02.04"]
[EventType "swiss"]
[EventCountry "IND"]
[SourceTitle "playchess.com"]
[Source "ChessBase"]
[SourceQuality "1"]
[TimeControl "5400+30"]

1. e4 g5 2. d4 g4 3. Nc3 h5 4. Bc4 c6 5. a4 d5 6. exd5 cxd5 7. Bxd5 Nc6 8. Nge2 {[%emt 0:02:33] White is clearly better.} Bg7 9. Be3 Nb4 (9... Kf8 $16 {was necessary.} 10. Bb3 Nh6) 10. Bb3 $18 b6 (10... Nf6 $142 11. O-O Nfd5 12. Nxd5 Nxd5) 11. Nf4 {[%emt 0:08:43] And now Qe2 would win.} Bb7 12. d5 Kf8 13. Bd4 Nf6 14. Be5 {[%emt 0:03:57] Black must now prevent Qd4.} Rc8 (14... Na6 $142 15. h4 gxh3 16. Rxh3 Nc5) 15. O-O Kg8 16. Re1 Rh6 17. Bxf6 Bxf6 {[%emt 0:00:59] [#]} 18. Nxh5 $1 Bxc3 (18... Rxh5 19. Qxg4+) 19. bxc3 Nxd5 20. Bxd5 (20. Qxg4+ $18 Rg6 21. Qe4 Rxc3 22. Qh4) 20... Qxd5 $11 21. Qxd5 Bxd5 22. Nf4 Bc6 23. Rxe7 a5 24. Re3 Kf8 25. Nd3 Rd6 26. h3 Be8 27. Nf4 ({Of course not} 27. hxg4 Rxc3 28. g5 Rxc2 $11) (27. Nb2 $16) 27... Rc4 28. Nd3 Rxc3 29. Re4 (29. hxg4 $11 {remains equal.} Rxc2 30. Ne5) 29... gxh3 $17 {[%emt 0:02:00] Black is more active.} 30. Rh4 {[%emt 0:04:16] [#] White does not recover from this.} (30. gxh3 $17 Rxc2 31. Ne5) 30... hxg2 $1 $19 31. Rh8+ Ke7 32. Kxg2 Rxc2 {[%emt 0:01:01] Strongly threatening ...Bc6+.} 33. Re1+ Re6 34. Rxe6+ fxe6 35. Rh7+ Kd6 {[%emt 0:00:27] Weighted Error Value: White=0.46/Black=0.20 (precise) .  Missed win:     	White=1     	---        Mistake:       	White=3     	Black=3      Inaccurate:     	White=2     	Black=2      OK:         	White=8     	Black=9      Best:        	---       	Black=3      Strong:       	---       	Black=1} 0-1

[Event "360 One Wealth GP-3 2024"]
[Site "Mumbai"]
[Date "2024.02.07"]
[Round "3.13"]
[White "Kherdekar Arnav"]
[Black "Avi Chugh"]
[Result "1-0"]
[ECO "B08"]
[WhiteElo "1693"]
[BlackElo "1126"]
[Annotator "NA RC"]
[PlyCount "87"]
[EventDate "2024.02.04"]
[EventType "swiss"]
[EventCountry "IND"]
[SourceTitle "playchess.com"]
[Source "ChessBase"]
[SourceQuality "1"]
[TimeControl "5400+30"]

1. d4 Nf6 2. Nf3 g6 3. Nc3 Bg7 4. e4 d6 5. h3 O-O 6. Bf4 c5 7. d5 a6 8. a4 Qa5 9. Bd3 Nbd7 10. O-O Qc7 11. Nd2 Rb8 12. Re1 Nh5 13. Bh2 Be5 14. Nc4 Bxh2+ 15. Kxh2 Nb6 16. Ne3 Nf6 17. Bf1 Nbd7 18. a5 b5 19. axb6 Qxb6 20. Nc4 Qc7 21. b3 Bb7 22. Na5 Ra8 23. Qd2 Rfe8 24. Nxb7 Qxb7 25. Ra5 Qb6 26. Rea1 e6 27. Rxa6 Rxa6 28. Rxa6 Qb8 29. Kg1 exd5 30. exd5 Ne5 31. Qf4 Kg7 32. Bb5 Rd8 33. Qd2 Qb7 34. f4 Ned7 35. Rxd6 Qa7 36. Bxd7 Nxd7 37. Qe3 Rf8 38. Ne4 Qa1+ 39. Kh2 Nb8 40. Qxc5 Qe1 41. Qd4+ Kg8 42. Nf6+ Kh8 43. Nh5+ Kg8 44. Qg7# 1-0

[Event "360 One Wealth GP-3 2024"]
[Site "Mumbai"]
[Date "2024.02.07"]
[Round "3.14"]
[White "Joglekar, Abhijit"]
[Black "Tanmay Sanjay More"]
[Result "1-0"]
[ECO "D38"]
[WhiteElo "1502"]
[BlackElo "1156"]
[Annotator "NA RC"]
[PlyCount "41"]
[EventDate "2024.02.04"]
[EventType "swiss"]
[EventCountry "IND"]
[SourceTitle "playchess.com"]
[Source "ChessBase"]
[SourceQuality "1"]
[TimeControl "5400+30"]

1. d4 Nf6 2. c4 e6 3. Nf3 d5 4. Nc3 Bb4 5. Qc2 Ne4 6. a3 Bxc3+ 7. bxc3 c5 8. e3 Qa5 9. Bb2 Nd7 10. Bd3 f5 11. O-O Nb6 12. cxd5 exd5 13. c4 Be6 14. cxd5 Bxd5 15. dxc5 Na4 16. Bd4 O-O 17. Bc4 Bf7 18. Ne5 Ng5 19. Nxf7 Nxf7 20. Qxf5 Kh8 21. Qg4 1-0

[Event "360 One Wealth GP-3 2024"]
[Site "Mumbai"]
[Date "2024.02.07"]
[Round "3.15"]
[White "Pawar Sohum"]
[Black "Shaurya Kaushal Shah"]
[Result "1/2-1/2"]
[ECO "C12"]
[WhiteElo "1442"]
[BlackElo "1063"]
[Annotator "NA RC"]
[PlyCount "156"]
[EventDate "2024.02.04"]
[EventType "swiss"]
[EventCountry "IND"]
[SourceTitle "playchess.com"]
[Source "ChessBase"]
[SourceQuality "1"]
[TimeControl "5400+30"]

1. e4 e6 2. d4 d5 3. Nc3 Nf6 4. Bg5 h6 5. Bxf6 Qxf6 6. exd5 Bb4 7. Bb5+ Bd7 8. Bxd7+ Nxd7 9. dxe6 Bxc3+ 10. bxc3 Qxe6+ 11. Qe2 Qxe2+ 12. Nxe2 O-O-O 13. O-O-O Nf6 14. Ng3 Rd5 15. c4 Rd7 16. Rhe1 Re8 17. Rxe8+ Nxe8 18. Re1 Nd6 19. c5 Nb5 20. Re8+ Rd8 21. Rxd8+ Kxd8 22. Ne2 c6 23. Kd2 Kd7 24. Kd3 Nc7 25. c4 b6 26. cxb6 axb6 27. Ke4 Kd6 28. f4 Ne8 29. h3 g6 30. g4 Nf6+ 31. Kd3 h5 32. g5 Nd7 33. Ke4 f5+ 34. Ke3 Nb8 35. Nc1 Na6 36. Nd3 b5 37. cxb5 cxb5 38. a3 Nc7 39. Ne5 Nd5+ 40. Kf3 Ne7 41. Ke2 Ke6 42. h4 Kd6 43. Kd2 Ke6 44. Kc2 Kd6 45. Kb3 Kd5 46. Kb4 Kxd4 47. Kxb5 Ke4 48. Kc5 Kxf4 49. Kd6 Ke4 50. Ke6 f4 51. a4 Nc8 52. Kf6 Ne7 53. a5 Nc6 54. a6 Na7 55. Nc4 Kd3 56. Kxg6 Kxc4 57. Kxh5 f3 58. g6 f2 59. g7 f1=Q 60. g8=Q+ Kb4 61. Qb8+ Ka5 62. Qxa7 Qf5+ 63. Kh6 Qf6+ 64. Kh7 Qxh4+ 65. Kg6 Qe4+ 66. Kg7 Qg2+ 67. Kf7 Qf1+ 68. Ke7 Qe2+ 69. Kd7 Qxa6 70. Qc7+ Qb6 71. Qc3+ Qb4 72. Qf6 Qb5+ 73. Ke7 Qc5+ 74. Kd7 Qa7+ 75. Ke8 Qb8+ 76. Kf7 Qb7+ 77. Kg8 Qc8+ 78. Kh7 Qb7+ 1/2-1/2

[Event "360 One Wealth GP-3 2024"]
[Site "Mumbai"]
[Date "2024.02.08"]
[Round "4.1"]
[White "Kush Ajay Agarwal"]
[Black "Raghav, Srivathsav V"]
[Result "1/2-1/2"]
[ECO "B15"]
[WhiteElo "1458"]
[BlackElo "2017"]
[Annotator "TA"]
[PlyCount "111"]
[EventDate "2024.02.04"]
[EventType "swiss"]
[EventCountry "IND"]
[SourceTitle "playchess.com"]
[Source "ChessBase"]
[SourceQuality "1"]
[TimeControl "5400+30"]

1. e4 g6 2. d4 Bg7 3. Nf3 d6 4. Bc4 Nf6 5. Nc3 O-O 6. h3 c6 7. O-O d5 8. Bd3 dxe4 9. Nxe4 Nxe4 10. Bxe4 Nd7 11. c4 Nb6 12. b3 f5 (12... Nd7 $14) 13. Bc2 $16 c5 {[%emt 0:00:08] White is better.} 14. Bb2 (14. Re1 {is interesting.} cxd4 15. Bb2 d3 16. Bxg7 dxc2 17. Qd4) 14... cxd4 15. Bxd4 {[%emt 0:01:47] White is more active.} (15. Re1 $16) 15... Bxd4 $11 16. Qxd4 Qxd4 17. Nxd4 e5 $1 18. Nf3 e4 19. Nd4 a5 20. Rfe1 Re8 (20... Nd7 $14) 21. Nb5 Re7 {[%emt 0:02:24] Prevents Nc7} 22. Rad1 (22. f3 $16) 22... Bd7 $1 $14 23. Nc7 {[%emt 0:01:42][%cal Oc4c5] [#] Black must now prevent c5!} Rc8 24. Nd5 Nxd5 25. Rxd5 b6 26. Red1 Bc6 27. Rd8+ Rxd8 28. Rxd8+ $15 {[%emt 0:00:03][%mdl 4096] Endgame. KRB-KRB} Kf7 29. Kf1 Ke6 30. Ke2 (30. Rb8 $11) 30... Ke5 ({Black should play} 30... Re8 $17 31. Rd2 Ke5) 31. Rb8 $11 Rb7 32. Rc8 Bd7 33. Rh8 Be6 34. Re8 Rd7 35. Rb8 Rd6 36. c5 bxc5 37. Rb5 Kd4 {[%emt 0:09:56][%cal Oa5a4] aiming for ...a4!} 38. Rxa5 f4 (38... c4 $15 39. bxc4 Bxc4+ 40. Ke1 h5) 39. Ra4+ c4 40. bxc4 Bxc4+ 41. Ke1 Ra6 42. Rxa6 Bxa6 {[%emt 0:00:08] KB-KB} 43. g3 fxg3 44. fxg3 Ke3 45. Bb3 Kf3 46. Bg8 ({White should try} 46. g4 $1 $11) 46... h6 ({Much worse is} 46... Kxg3 47. Bxh7 g5 48. Bxe4 $11) (46... h5 $1 $15 47. Bf7 Kxg3 48. Bxg6 h4 49. Bxe4 Kxh3) 47. h4 $2 (47. Bh7 $11) 47... Kxg3 $19 48. Bh7 e3 49. Bxg6 Kxh4 50. a4 h5 ({Not} 50... e2 51. Be8 $14) 51. Be8 Kg4 {[%emt 0:01:19] The position is equal.} 52. Bb5 $1 Bc8 53. Be2+ Kg5 54. Bxh5 Kxh5 55. Ke2 Kg5 {[%emt 0:00:28] [#] ( -> ...Kf4)} 56. Kxe3 {[%emt 0:00:01] Weighted Error Value: White=0.46/Black=0.13 (very precise) .  Loses game:     	White=1     	---        Mistake:       	White=4     	Black=5      Inaccurate:     	White=5     	Black=2      OK:         	White=18    	Black=13     Best:        	White=1     	Black=2      Strong:       	---       	Black=2} 1/2-1/2

[Event "360 One Wealth GP-3 2024"]
[Site "Mumbai"]
[Date "2024.02.08"]
[Round "4.2"]
[White "Bartakke, Amardeep S."]
[Black "Ishaan A Tendolkar"]
[Result "1-0"]
[ECO "B18"]
[WhiteElo "1961"]
[BlackElo "1451"]
[Annotator "TA"]
[PlyCount "77"]
[EventDate "2024.02.04"]
[EventType "swiss"]
[EventCountry "IND"]
[SourceTitle "playchess.com"]
[Source "ChessBase"]
[SourceQuality "1"]
[TimeControl "5400+30"]

1. e4 c6 2. d4 d5 3. Nd2 dxe4 4. Nxe4 Bf5 5. Ng3 Bg6 6. Bc4 e6 7. N1e2 Nd7 8. O-O Ngf6 9. f4 Nb6 10. Bb3 Bd6 (10... Qd7 {feels stronger.}) 11. f5 {The position is equal.} exf5 12. Nxf5 O-O 13. Nxd6 Qxd6 14. Bf4 Qd7 15. Ng3 Nbd5 16. Bg5 h6 17. Bd2 Rfe8 18. Qf3 Qg4 (18... b5 $15) 19. Qf2 ({Better is} 19. Qxg4 $11 Nxg4 20. c4) 19... h5 {[#] Strongly threatening ...h4.} 20. h3 Qd7 {...h4 is the strong threat.} 21. c4 h4 22. cxd5 hxg3 23. Qxg3 {[#] Black must now prevent dxc6.} Ne4 $2 {[%mdl 8192] White now steadily converts the win.} (23... cxd5 $11 {and Black is okay.} 24. Qf3 a5) 24. Qxg6 $1 $18 Nxd2 $2 (24... cxd5 25. Qf5 Qxf5 26. Rxf5 Nxd2 27. Bxd5 g6) 25. dxc6 Qxd4+ 26. Kh1 Nxb3 27. Qxf7+ (27. Rxf7 $2 {perishes.} Nxa1 28. Rf1 Rf8 (28... Qxb2 29. Qf7+ Kh8 30. Qh5+ Kg8 31. Qf7+ Kh8 32. Qh5+ Kg8 33. Qd5+ Kh8 34. Qh5+ $11) 29. Rxa1 bxc6 $19 (29... Qxb2 $2 30. Qe6+ Kh8 31. Re1 $19)) 27... Kh8 28. axb3 ({Less strong is} 28. Qxb3 bxc6 29. Rad1 Qe4 $16) 28... Qxb2 29. cxb7 {White mates.} Rab8 30. Ra4 g5 31. Qh5+ Kg8 32. Qxg5+ Qg7 33. Qd5+ Kh8 34. Rh4+ Qh7 35. Qd4+ Re5 36. Qxe5+ Kg8 37. Rg4+ Qg6 38. Rxg6+ Kh7 39. Qh5# {Weighted Error Value: White=0.08 (flawless) /Black=0.66.  Loses game:     	---       	Black=1      Mistake:       	White=1     	Black=3      Inaccurate:     	White=1     	Black=2      OK:         	White=2     	Black=8      Best:        	White=3     	---        Strong:       	White=1     	---} 1-0

[Event "360 One Wealth GP-3 2024"]
[Site "Mumbai"]
[Date "2024.02.08"]
[Round "4.3"]
[White "Soni Deepak R"]
[Black "Arnav Mahesh Koli"]
[Result "0-1"]
[ECO "B07"]
[WhiteElo "1445"]
[BlackElo "1755"]
[Annotator "NA RC"]
[PlyCount "70"]
[EventDate "2024.02.04"]
[EventType "swiss"]
[EventCountry "IND"]
[SourceTitle "playchess.com"]
[Source "ChessBase"]
[SourceQuality "1"]
[TimeControl "5400+30"]

1. d4 Nf6 2. Bf4 d6 3. Nc3 g6 4. e4 Bg7 5. Qd2 O-O 6. O-O-O c6 7. f3 b5 8. Bh6 Bxh6 9. Qxh6 Qa5 10. Kb1 b4 11. Nce2 c5 12. dxc5 dxc5 13. Nf4 e5 14. Nd5 Nxd5 15. exd5 Nd7 16. h4 Nf6 17. g4 Bb7 18. h5 Rfd8 19. hxg6 fxg6 20. g5 Bxd5 21. Rxd5 Nxd5 22. Qxh7+ Kf8 23. Qh8+ Kf7 24. Rh7+ Ke6 25. Bh3+ Kd6 26. Qg7 c4 27. Bd7 b3 28. Qxg6+ Kc5 29. Qc6+ Kd4 30. Rh4+ Ke3 31. Re4+ Kf2 32. Re2+ Kxg1 33. Qxc4 Nc3+ 34. bxc3 Qxa2+ 35. Kc1 b2+ 0-1

[Event "360 One Wealth GP-3 2024"]
[Site "Mumbai"]
[Date "2024.02.08"]
[Round "4.4"]
[White "Mishra Sanjeev"]
[Black "Shreyas G Kaushik"]
[Result "1-0"]
[ECO "B44"]
[WhiteElo "1683"]
[BlackElo "1416"]
[Annotator "NA RC"]
[PlyCount "117"]
[EventDate "2024.02.04"]
[EventType "swiss"]
[EventCountry "IND"]
[SourceTitle "playchess.com"]
[Source "ChessBase"]
[SourceQuality "1"]
[TimeControl "5400+30"]

1. e4 c5 2. Nf3 e6 3. c4 Nc6 4. d4 cxd4 5. Nxd4 Nf6 6. Nc3 Bb4 7. Qd3 O-O 8. Be2 Bxc3+ 9. bxc3 Qa5 10. O-O Ne5 11. Qc2 d5 12. exd5 exd5 13. Nb3 Qa4 14. cxd5 Nxd5 15. Rd1 Qc6 16. c4 Ne7 17. Ba3 Qf6 18. Rd6 Be6 19. Rad1 Rfe8 20. Nc5 Nf5 21. R6d2 Qg5 22. Qe4 Ng6 23. Nxe6 Rxe6 24. Qxb7 Rae8 25. Bf1 Ne3 26. Rd5 Nxd5 27. cxd5 Rb6 28. Qxa7 Rbb8 29. Bc1 Qf6 30. Qa4 Red8 31. Bc4 Nf4 32. Be3 Qe5 33. Qa5 Nxg2 34. Bb6 Qg5 35. Bxd8 Rxd8 36. Kh1 Nf4 37. Bf1 Rf8 38. Qc3 Qh5 39. Rd4 Nxd5 40. Qa5 Qf3+ 41. Bg2 Qxf2 42. Rxd5 Qe3 43. Qd2 Qe7 44. Rd7 Qf6 45. Qd4 Qe6 46. Qd2 Qf6 47. Qe2 Qa1+ 48. Rd1 Qc3 49. Qf3 Qa5 50. Qd5 Qa3 51. Qb3 Qa5 52. a4 g6 53. Qb5 Qa7 54. a5 Rb8 55. Qd5 Rb2 56. Qe5 Rb8 57. a6 Rf8 58. Bb7 Qf2 59. Qd4 1-0

[Event "360 One Wealth GP-3 2024"]
[Site "Mumbai"]
[Date "2024.02.08"]
[Round "4.5"]
[White "Kapadi Yash"]
[Black "Kadkade Ameya"]
[Result "0-1"]
[ECO "E68"]
[WhiteElo "1626"]
[BlackElo "1322"]
[Annotator "NA RC"]
[PlyCount "85"]
[EventDate "2024.02.04"]
[EventType "swiss"]
[EventCountry "IND"]
[SourceTitle "playchess.com"]
[Source "ChessBase"]
[SourceQuality "1"]
[TimeControl "5400+30"]

1. d4 Nf6 2. Nf3 g6 3. g3 Bg7 4. Bg2 d6 5. O-O O-O 6. c4 c6 7. Nc3 Nbd7 8. Qc2 e5 9. Rd1 Qc7 10. h3 Re8 11. e4 exd4 12. Nxd4 Ne5 13. b3 h5 14. f4 Ned7 15. Be3 Nf8 16. Rac1 Bd7 17. Qf2 Qc8 18. Kh2 h4 19. gxh4 Nh5 20. Nde2 Qb8 21. Ng3 Nxg3 22. Qxg3 Qc7 23. c5 dxc5 24. Bxc5 Ne6 25. Bd6 Qa5 26. b4 Qh5 27. Bf3 Qh6 28. Ne2 Rad8 29. f5 Nf8 30. Bf4 Qh7 31. h5 Bh6 32. Rd6 g5 33. Bxg5 Bxg5 34. Qxg5+ Qg7 35. Qd2 Qe5+ 36. Kh1 f6 37. Qh6 Re7 38. Rg1+ Kf7 39. Rg7+ Ke8 40. Rxf6 Bxf5 41. Rxf8+ Kd7 42. Rxd8+ Kxd8 43. Rxe7 0-1

[Event "360 One Wealth GP-3 2024"]
[Site "Mumbai"]
[Date "2024.02.08"]
[Round "4.6"]
[White "Kulkarni, Vikramaditya"]
[Black "Devesh Anil Ambre"]
[Result "1-0"]
[ECO "B22"]
[WhiteElo "2193"]
[BlackElo "1198"]
[Annotator "TA"]
[PlyCount "63"]
[EventDate "2024.02.04"]
[EventType "swiss"]
[EventCountry "IND"]
[SourceTitle "playchess.com"]
[Source "ChessBase"]
[SourceQuality "1"]
[TimeControl "5400+30"]

1. e4 c5 2. Nf3 g6 3. c3 d5 4. exd5 Qxd5 5. d4 cxd4 6. Qxd4 Qxd4 7. Nxd4 Bg7 8. Nb5 {[%emt 0:00:02] White is slightly better.} Na6 {[%emt 0:00:43] Inhibits Nc7+.} 9. Be3 Bf5 (9... b6 $11 {feels stronger.}) 10. Bxa7 Nf6 11. Be2 O-O 12. N1a3 Ne4 (12... Nc7 $14) 13. O-O (13. Bd4 $16) 13... Nb4 14. cxb4 Bxb2 15. Rab1 Bxa3 16. Rb3 $1 Nd2 17. Rxa3 Nxf1 18. Kxf1 {[%emt 0:00:49] Strongly threatening g4.} Rac8 (18... Rfc8 $16 19. Bd3 Be6) 19. Be3 Rfd8 20. Nc3 Bd3 21. Ke1 Bxe2 22. Kxe2 f6 23. Bc5 Kf7 24. Ra7 Rd7 25. Na4 {[%emt 0:00:49] [#] Threatens to win with Nb6.} Rc6 26. g3 Re6+ 27. Be3 Rc7 28. Nc5 Rec6 (28... Rb6 {might work better.} 29. a3 g5) 29. Nxb7 $18 {[%emt 0:01:08] [#] And now Nd8+ would win. White is clearly winning.} ({Weaker is} 29. Rxb7 Rxc5 30. Bxc5 Rxb7 $18) 29... Rc2+ 30. Kf3 R7c3 31. Nd6+ Ke6 32. Nb5 {[%emt 0:00:12] Weighted Error Value: White=0.10 (very precise) /Black=0.33.  Mistake:       	White=1     	Black=5      Inaccurate:     	---       	Black=2      OK:         	White=10    	Black=11     Best:        	White=3     	Black=2      Strong:       	White=1     	---} 1-0

[Event "360 One Wealth GP-3 2024"]
[Site "Mumbai"]
[Date "2024.02.08"]
[Round "4.7"]
[White "Yuti Mayur Patel"]
[Black "Kherdekar Arnav"]
[Result "0-1"]
[ECO "C54"]
[WhiteElo "1426"]
[BlackElo "1693"]
[Annotator "NA RC"]
[PlyCount "128"]
[EventDate "2024.02.04"]
[EventType "swiss"]
[EventCountry "IND"]
[SourceTitle "playchess.com"]
[Source "ChessBase"]
[SourceQuality "1"]
[TimeControl "5400+30"]

1. e4 e5 2. Nf3 Nc6 3. Bc4 Nf6 4. d3 Bc5 5. c3 d6 6. Nbd2 O-O 7. h3 a5 8. Bb3 Be6 9. Nf1 d5 10. Qe2 a4 11. Bc2 Re8 12. Ng3 dxe4 13. dxe4 Qb8 14. Nh4 Ne7 15. Bg5 Nd7 16. O-O b5 17. Qf3 f6 18. Be3 Qb6 19. Bxc5 Qxc5 20. a3 Nb6 21. Nhf5 Nxf5 22. exf5 Bf7 23. Ne4 Qe7 24. Rfd1 Rad8 25. Bd3 Bb3 26. Re1 c6 27. Nd2 Bd5 28. Qe3 Qb7 29. Rac1 Re7 30. Qe2 Bxg2 31. Kxg2 Qd7 32. Ne4 Qxd3 33. Qg4 Rf8 34. Rcd1 Qc4 35. Rd2 Nd5 36. Kh2 Kh8 37. Rg1 Nf4 38. f3 Qf7 39. Rgd1 Nd5 40. Nd6 Qg8 41. Rg1 Rd8 42. Ne4 Ne3 43. Qh5 Rxd2+ 44. Nxd2 Qe8 45. Qh4 Nxf5 46. Qe4 Nd6 47. Qc2 e4 48. f4 e3 49. Nf3 Qh5 50. Rg4 Qf5 51. Qe2 c5 52. Nh4 Qd5 53. Nf3 Nc4 54. Rg2 Rd7 55. Kg3 Qd3 56. h4 Qxe2 57. Rxe2 Kg8 58. Ne1 Rd2 59. Kf3 Rxe2 60. Kxe2 Nxb2 61. Kxe3 Nc4+ 62. Ke4 Nxa3 63. Nd3 Nb1 64. c4 bxc4 0-1

[Event "360 One Wealth GP-3 2024"]
[Site "Mumbai"]
[Date "2024.02.08"]
[Round "4.8"]
[White "Agraval, Shravana"]
[Black "Joglekar, Abhijit"]
[Result "0-1"]
[ECO "D02"]
[WhiteElo "1224"]
[BlackElo "1502"]
[Annotator "NA RC"]
[PlyCount "154"]
[EventDate "2024.02.04"]
[EventType "swiss"]
[EventCountry "IND"]
[SourceTitle "playchess.com"]
[Source "ChessBase"]
[SourceQuality "1"]
[TimeControl "5400+30"]

1. d4 d5 2. Bf4 e6 3. Nf3 Nc6 4. e3 Bd6 5. Bg3 Nf6 6. c3 O-O 7. Nbd2 Re8 8. Bd3 e5 9. dxe5 Nxe5 10. Nxe5 Bxe5 11. Nf3 Bd6 12. Qc2 h6 13. O-O-O a5 14. Rhe1 Bxg3 15. hxg3 c6 16. e4 dxe4 17. Bxe4 Qc7 18. Nd4 Bd7 19. Nf5 Rxe4 20. Ne7+ Rxe7 21. Rxe7 Qc8 22. Qb3 Be6 23. Qxb7 Qxb7 24. Rxb7 Ne4 25. f3 Nxg3 26. Rc7 Bxa2 27. Rxc6 Ne2+ 28. Kd2 Nf4 29. g3 Nh5 30. g4 Nf6 31. Ke3 Re8+ 32. Kf2 a4 33. Rcd6 Re7 34. R1d2 Bb3 35. Rc6 Rb7 36. Rd8+ Kh7 37. Rd2 Nd5 38. Rc5 Nf4 39. Re5 g5 40. Re4 Rb6 41. Rb4 Rc6 42. Rbd4 Kg7 43. Rd6 Rc5 44. Rd8 Rb5 45. R8d4 Rc5 46. Rd8 Bc4 47. R8d4 Ne6 48. Rd6 Rb5 49. Rc6 Bb3 50. Rcd6 Nc5 51. R6d4 Be6 52. Rb4 Ra5 53. Ke3 Nb3 54. Rd6 Re5+ 55. Re4 Ra5 56. Rb4 Ra7 57. c4 Na5 58. Rxe6 fxe6 59. Rxa4 Kf6 60. Ke4 Ke7 61. b4 Nc6 62. Rxa7+ Nxa7 63. Kd4 Kd7 64. b5 Kd6 65. c5+ Kd7 66. Kc4 Nc8 67. Kd4 Ne7 68. Ke5 Ng6+ 69. Kf6 Nh4 70. b6 Nxf3 71. b7 Kc7 72. c6 Nd4 73. Ke5 Nxc6+ 74. Kxe6 Nd4+ 75. Kf6 Kxb7 76. Kg6 Kc6 77. Kxh6 Nf3 0-1